Map: Lost and Found LE

Players

SpaceJam

  • Race: Terran Terran
  • Spawn Location: 7:00

Pure - Winner!

  • Race: Protoss Protoss
  • Spawn Location: 1:00

Event: WCS Montreal 2018

VOD

Have the link to the VOD?

Description

Time

  • Played on: Sept. 7, 2018, 1:37 p.m.
  • Length: 12:03

All games in this series

Show
View Real Time Build Order
Export as new Build Order

SpaceJam Terran 

Build Orders: Liberator Opening 

Get SALT Encoding   

  12  0:01  SCV  
  13  0:13  SCV  
  14  0:17  Supply Depot  
  14  0:26  SCV  
  15  0:38  SCV  
  16  0:43  Barracks  
  16  0:46  Refinery  
  16  0:51  SCV  
  17  1:03  SCV  
  18  1:15  SCV  
  19  1:18  Refinery  
  19  1:30  Reaper  
  19  1:31  Orbital Command  
  20  1:36  Supply Depot  
  20  1:54  Bunker  
  20  1:58  Factory  
  20  1:59  SCV  
  21  2:06  Reaper  
  22  2:11  SCV  
  23  2:23  SCV  
  23  2:25  Supply Depot  
  23  2:35  SCV  
  24  2:43  Factory Reactor  
  24  2:45  Command Center  
  24  2:48  SCV  
  25  3:01  SCV, Starport  
  25  3:13  SCV  
  25  3:19  Cyclone  
  28  3:20  Liberator  
  28  3:22  Cyclone  
  31  3:27  SCV  
  32  3:40  SCV  
  36  3:54  SCV  
  39  3:56  Hellion  
  39  3:57  Hellion  
  39  4:01  Barracks Tech Lab  
  41  4:06  SCV  
  41  4:08  Barracks, Refinery  
  42  4:15  Orbital Command  
  41  4:25  Hellion x2  
  41  4:29  Stimpack  
  45  4:34  Medivac  
  47  4:42  SCV x2  
  49  4:49  Bunker  
  49  4:52  Marauder  
  51  4:54  SCV x2  
  53  5:06  SCV  
  54  5:23  SCV, Marine  
  54  5:24  Starport Reactor, Factory Reactor  
  53  5:28  Supply Depot  
  53  5:29  Barracks, Supply Depot  
  53  5:31  SCV  
  54  5:40  Engineering Bay  
  54  5:49  Marine  
  54  5:50  Marauder, SCV x2  
  54  5:52  Marine  
  60  6:02  SCV x2  
  60  6:03  Medivac x2, Widow Mine x2  
  70  6:09  Marine  
  69  6:12  Marauder  
  69  6:16  Marine x2  
  69  6:18  SCV x2  
  69  6:20  Terran Infantry Weapons Level 1  
  69  6:28  Command Center  
  69  6:32  Marine  
  70  6:37  Barracks Tech Lab, Supply Depot x2  
  70  6:41  Liberator, Concussive Shells  
  70  6:42  Liberator  
  70  6:57  SCV  
  70  6:58  Marine x3  
  70  6:59  SCV, Widow Mine, Marine  
  77  7:16  Marauder, Marine x2  
  77  7:17  Marauder  
  68  7:37  Liberator  
  68  7:38  Marauder  
  68  7:42  SCV  
  69  7:46  SCV, Orbital Command  
  69  7:48  Marine x2  
  69  7:49  Marine  
  73  7:54  Widow Mine x2  
  75  7:59  Marauder  
  75  8:02  Orbital Command  
  75  8:06  Marine x2  
  75  8:07  Marauder  
  75  8:08  SCV x2  
  81  8:13  Barracks x2  
  81  8:20  SCV, Marine  
  81  8:22  Refinery  
  81  8:23  Refinery  
  81  8:24  Marine  
  84  8:27  Liberator  
  84  8:28  Marauder, SCV x2, Marine  
  84  8:32  SCV  
  84  8:33  Liberator  
  90  8:38  Marine  
  90  8:39  Widow Mine x2  
  95  8:42  Marine  
  95  8:45  Marine  
  95  8:47  Supply Depot  
  100  8:50  Terran Infantry Armor Level 1  
  95  8:57  Marine  
  95  8:58  Marauder  
  95  9:02  Marine x2  
  89  9:11  Marine x2  
  89  9:15  Marine  
  84  9:20  Marine x2  
  84  9:21  Marine  
  81  9:30  Marine  
  78  9:33  Marauder  
  78  9:38  Marine  
  65  9:44  Marine  
  52  9:56  Marine  
  48  10:09  Marine x2  
  48  10:12  Marine  
  50  10:18  Marine x2  
  50  10:20  Marine  
  53  10:28  SCV  
  53  10:29  SCV x2  
  37  10:51  Marine x2  
  37  10:52  Marauder x2, Marine  
  37  10:55  Orbital Command  
  43  10:57  Marine  
  43  11:01  SCV x2  
  46  11:09  Marine x2  
  46  11:11  Refinery  
  49  11:13  Marauder, SCV  
  49  11:18  Barracks Reactor, Barracks Tech Lab  
  51  11:22  Marine  
  52  11:31  SCV  
  49  11:42  Marine x2  
Show
View Real Time Build Order
Export as new Build Order

Pure Protoss - Winner!

Build Orders:  

Get SALT Encoding   

  12  0:00  Probe  
  13  0:13  Probe  
  14  0:17  Pylon  
  14  0:23  Probe  
  15  0:31  Probe  
  16  0:36  Gateway  
  16  0:39  Probe  
  16  0:46  Assimilator  
  17  0:50  Probe  
  18  0:58  Probe  
  19  1:06  Probe  
  20  1:27  Cybernetics Core  
  20  1:28  Zealot  
  20  1:32  Pylon  
  22  1:34  Assimilator, Probe  
  23  1:50  Probe  
  24  1:55  Stalker  
  24  2:02  Probe  
  27  2:09  Warp Gate  
  25  2:23  Probe  
  25  2:29  Stalker  
  27  2:35  Probe  
  28  2:37  Nexus  
  27  2:47  Probe  
  28  2:59  Robotics Facility  
  28  3:02  Probe  
  29  3:15  Probe  
  30  3:25  Gateway x2  
  31  3:27  Probe  
  31  3:32  Pylon  
  31  3:39  Warp Prism  
  31  3:49  Probe  
  31  3:51  Probe  
  35  4:02  Probe  
  35  4:05  Twilight Council  
  35  4:06  Probe  
  36  4:19  Observer  
  36  4:20  Probe  
  36  4:21  Probe  
  36  4:22  Stalker  
  39  4:28  Blink  
  39  4:29  Stalker  
  41  4:32  Probe  
  41  4:33  Stalker  
  41  4:36  Probe  
  45  4:40  Pylon  
  45  4:42  Observer  
  46  4:49  Probe  
  46  4:52  Probe  
  48  5:01  Probe  
  48  5:03  Shield Battery  
  48  5:16  Probe x2  
  48  5:18  Stalker x2  
  54  5:26  Observer  
  54  5:28  Probe  
  56  5:32  Forge  
  56  5:37  Forge  
  56  5:39  Probe  
  56  5:42  Assimilator  
  57  5:44  Assimilator  
  57  5:46  Probe  
  57  5:48  Pylon  
  58  5:54  Probe  
  59  5:59  Stalker  
  61  6:05  Probe  
  61  6:09  Protoss Ground Weapons Level 1  
  61  6:10  Protoss Ground Armor Level 1  
  58  6:20  Probe  
  59  6:26  Probe  
  59  6:29  Observer  
  59  6:30  Charge  
  59  6:32  Probe  
  62  6:38  Zealot x3  
  68  6:46  Gateway  
  68  6:47  Gateway  
  68  6:52  Shield Battery  
  68  6:53  Shield Battery  
  68  6:56  Pylon  
  68  7:00  Shield Battery, Sentry  
  70  7:05  Pylon  
  70  7:14  Probe  
  71  7:17  Zealot x2  
  71  7:19  Probe  
  68  7:24  Stalker  
  68  7:26  Probe  
  65  7:31  Probe  
  60  7:44  Stalker x2  
  60  7:45  Protoss Ground Weapons Level 2  
  60  7:46  Protoss Ground Armor Level 2  
  64  7:51  Probe x2  
  64  7:53  Immortal  
  64  7:58  Gateway  
  70  8:01  Zealot x3  
  76  8:18  Zealot  
  76  8:19  Zealot  
  80  8:22  Pylon  
  80  8:25  Pylon  
  80  8:32  Zealot x3  
  80  8:51  Probe x2  
  82  8:57  Immortal  
  86  9:06  Zealot x2  
  86  9:08  Zealot x2  
  85  9:23  Zealot x2  
  81  9:45  Probe x2  
  81  9:47  Zealot x4  
  81  9:48  Stalker  
  81  9:49  Stalker  
  90  10:05  Observer  
  89  10:09  Templar Archives  
  85  10:16  Zealot x4  
  85  10:19  Nexus  
  93  10:22  Pylon  
  87  10:48  Zealot  
  87  10:49  Zealot x5  
  93  10:58  Observer  
  93  11:15  Pylon  
  93  11:39  Stalker  
  95  11:40  Stalker x4  
  95  11:45  High Templar  
Tags
 
Add a new tag
Caveats
  • Supply blocks, unpowered buildings, or Contaminate may cause inaccurate times.
  • Supply counts are checked every 10 seconds.